 Dungeon Crawl Stone Soup version 0.31-a0-965-g8a8ce12e04 (webtiles) character file.

Game seed: 15388801439327049910

2233 Maxmaps the Charlatan (level 9, -7/58 HPs)
             Began as an Octopode Shapeshifter on Oct 27, 2023.
             Mangled by a komodo dragon (33 damage)
             ... on level 7 of the Dungeon.
             The game lasted 00:11:38 (7175 turns).

Maxmaps the Charlatan (Octopode Shapeshifter)       Turns: 7175, Time: 00:11:42

Health: -7/58      AC:  1    Str: 13    XL:     9   Next: 36%
Magic:  9/9        EV: 16    Int: 17    God:
Gold:   234        SH:  6    Dex: 17    Spells: 8/8 levels left

rFire   . . .        g - +2 dagger (venom)
rCold   . . .        o - +1 buckler
rNeg    . . .        (helmet currently unavailable)
rPois   .            (no amulet)
rElec   .            f - +6 ring of dexterity
rCorr   .            (no ring)
SInv    .            (no ring)
Will    .....        (no ring)
Stlth   ++++         (no ring)
HPRegen 0.29/turn    (no ring)
MPRegen 0.11/turn    (no ring)
                     (no ring)

%: no passive effects
@: beast-form
A: beast (slay +2), almost no armour, amphibious, 8 rings, camouflage 1,
gelatinous body 1, (nimble swimmer 1), tentacles
a: Begin Untransformation


You were on level 7 of the Dungeon.
You were a hulking beast.
You visited 2 branches of the dungeon, and saw 8 of its levels.

You collected 234 gold pieces.

Inventory:

Hand Weapons
 g - a +2 dagger of venom (weapon)
 k - a +5 dagger
Armour
 o - a +1 buckler (worn)
Jewellery
 f - a +6 ring of dexterity (left tentacle)
Talismans
 b - a beast talisman
 c - a flux talisman
Wands
 a - a wand of roots (11)
 d - a wand of polymorph (11)
 q - a wand of digging (7)
Scrolls
 e - a scroll of identify
 j - 2 scrolls of fear
 l - 2 scrolls of fog
 t - a scroll of amnesia
Potions
 h - a potion of heal wounds
 i - a potion of haste
 n - 3 potions of brilliance
 r - 2 potions of might


   Skills:
 - Level 4.0 Fighting
 - Level 4.0 Short Blades
 - Level 6.0 Dodging
 - Level 5.6 Stealth
 - Level 4.2 Shields
 - Level 3.0 Unarmed Combat
 + Level 6.3 Evocations
 - Level 4.0 Shapeshifting


You had 8 spell levels left.
You didn't know any spells.
Your spell library contained the following spells:

 Spells                   Type           Power      Damage    Failure   Level
 Call Canine Familiar     Summ           0%         N/A       67%         3
 Sigil of Binding         Hex            0%         N/A       67%         3
 Tukima's Dance           Hex            0%         N/A       67%         3
 Dimensional Bullseye     Hex/Tloc       0%         N/A       97%         4
 Iskenderun's Mystic Bla  Conj/Tloc      0%         2d3       97%         4
 Leda's Liquefaction      Hex/Erth       0%         N/A       97%         4
 Summon Lightning Spire   Summ/Air       0%         N/A       97%         4
 Lee's Rapid Deconstruct  Erth           0%         3d4*      100%        5
 Animate Armour           Summ/Erth      Unusable   N/A       N/A         4

Dungeon Overview and Level Annotations

Branches:
Dungeon (7/15)             Temple (1/1) D:5

Altars:
Ashenzari
Cheibriados
Dithmenos
Elyvilon
Fedhas
Hepliaklqana
Kikubaaqudgha
Makhleb
Nemelex Xobeh
Okawaru
Qazlal
Ru
Sif Muna
Trog
Uskayaw
Vehumet
Wu Jian
Xom
Yredelemnul
Zin
The Shining One

Annotations:
D:6 3 runed translucent doors, wireframewife's ghost, novice BaIE
Temple 4 transporters


Innate Abilities, Weirdness & Mutations

You are a hulking beast.
Your limbs bulge with bestial killing power. (Slay +2)
You cannot wear most types of armour.
You are amphibious.
You can wear up to eight rings at the same time.
Your skin changes colour to match your surroundings (Stealth+).
Your rubbery body absorbs attacks. (AC +1, EV +1)
((You are camouflaged when in or above water. (Stealth+)))
You have tentacles for arms and can constrict up to eight enemies at once.


Message History

No target in view!
A bullfrog comes into view.
The helpless bullfrog fails to defend itself.
You spit the bullfrog like a pig!!!
You kill the bullfrog!
No target in view!
No target in view!
No target in view!
No target in view!
No target in view!
No target in view!
No target in view!
e - a scroll of identify No target in view!
Found a stone staircase leading down.
You now have 234 gold pieces (gained 6).
A komodo dragon is nearby!
The komodo dragon hisses angrily.
The wyvern hisses angrily.
You hit the komodo dragon but do no damage.
The komodo dragon is poisoned.
The komodo dragon barely misses you.
You hit the komodo dragon. Your squeeze misses the komodo dragon.
The komodo dragon is lightly wounded.
You block the komodo dragon's attack.
You hit the komodo dragon.
The komodo dragon looks as sick as possible!
Your squeeze misses the komodo dragon.
The komodo dragon is lightly wounded.
The komodo dragon bites you but does no damage.
You hit the komodo dragon but do no damage.
The komodo dragon looks as sick as possible!
You squeeze the komodo dragon.
The komodo dragon is moderately wounded.
The wyvern closely misses you. You block the komodo dragon's attack.
You hit the komodo dragon but do no damage.
The komodo dragon looks as sick as possible!
You squeeze the komodo dragon, but do no damage.
The komodo dragon is moderately wounded.
The wyvern bites you!! The wyvern bites you! The komodo dragon bites you!!
Ouch! That really hurt!
You die...

#..# #####....## ##..
##l## #........# #..
#..# #.......## ##.
##.## ##......># ##
#..## #.......## .
##..# ##.[......#
#..####..........#
######..##....$......#
.........#..h...###..##
...........ll..## ###
...............#
..........?...##
##............(..
##..............
##...........###
###.........#
###.......#


You could see a komodo dragon (extremely poisoned) and a wyvern.

Vanquished Creatures
  A hornet (D:6)
  Menkaure (D:6)
  An orc warrior (D:6)
  A sky beast (D:7)
  2 black bears
  A centaur (D:6)
  A kobold brigand (D:7)
  A phantom (D:6)
  3 bullfrogs
  4 scorpions
  5 wights
  5 orc priests
  2 hounds
  5 iguanas
  5 orc wizards
  5 adders
  2 white imps
  4 dart slugs
  3 worms
  27 orcs
  4 ball pythons
  3 bats
  4 endoplasms
  3 giant cockroaches
  17 goblins
  9 hobgoblins
  5 quokkas
  4 frilled lizards
  6 kobolds
  4 rats
138 creatures vanquished.

Notes
Turn   | Place    | Note
-------+----------+-------------------------------------------
     0 | D:1      | Maxmaps the Octopode Shapeshifter began the quest for the
                  | Orb.
     0 | D:1      | Reached XP level 1. HP: 13/13 MP: 1/1
   311 | D:1      | Reached XP level 2. HP: 18/18 MP: 2/2
   948 | D:2      | Reached XP level 3. HP: 22/23 MP: 3/3
  1233 | D:2      | Reached skill level 1 in Stealth
  1721 | D:3      | Reached XP level 4. HP: 27/28 MP: 4/4
  2019 | D:3      | Found a glowing golden altar of the Shining One.
  2021 | D:3      | Noticed an angel
  2036 | D:3      | Found a basalt altar of Yredelemnul.
  2038 | D:3      | Noticed a profane servitor
  2127 | D:4      | Found a glowing silver altar of Zin.
  2128 | D:4      | Found a shimmering blue altar of Sif Muna.
  2128 | D:4      | Found a stormy altar of Qazlal.
  2134 | D:4      | Reached skill level 5 in Stealth
  2134 | D:4      | Reached XP level 5. HP: 32/33 MP: 5/5
  2257 | D:4      | Reached skill level 1 in Short Blades
  2521 | D:4      | Reached XP level 6. HP: 38/38 MP: 6/6
  2757 | D:4      | Noticed a black bear
  2764 | D:4      | Killed a black bear
  2811 | D:4      | Found an ornate altar of the Wu Jian Council.
  2812 | D:4      | Found a bloodstained altar of Trog.
  2815 | D:4      | Found a broken altar of Ashenzari.
  2830 | D:4      | Found a white marble altar of Elyvilon.
  2965 | D:4      | Reached skill level 1 in Shields
  3272 | D:5      | Entered Level 5 of the Dungeon
  3374 | D:5      | Reached XP level 7. HP: 27/43 MP: 7/7
  4086 | D:5      | Found a staircase to the Ecumenical Temple.
  4142 | Temple   | Found a transporter.
  4142 | Temple   | Found a transporter.
  4142 | Temple   | Found a transporter.
  4142 | Temple   | Found a transporter.
  4142 | Temple   | Entered the Ecumenical Temple
  4636 | D:6      | Reached XP level 8. HP: 45/52 MP: 8/8
  4755 | D:6      | Found a runed translucent gate.
  4755 | D:6      | Found a runed translucent gate.
  4755 | D:6      | Found a runed translucent gate.
  4757 | D:6      | Noticed Menkaure
  5093 | D:6      | Found a hide-covered altar of Uskayaw.
  5291 | D:6      | Noticed wireframewife's ghost (novice BaIE)
  5492 | D:6      | Killed Menkaure
  5493 | D:6      | Reached skill level 5 in Dodging
  6167 | D:7      | Noticed a hornet
  6216 | D:7      | Reached skill level 1 in Evocations
  6216 | D:7      | Noticed a komodo dragon
  6217 | D:7      | Noticed a wyvern
  6383 | D:6      | Paralysed by a hornet for 3 turns
  6386 | D:6      | Killed a hornet
  6387 | D:6      | Reached XP level 9. HP: 12/58 MP: 9/9
  6392 | D:6      | HP: 2/58 [poisoned by a hornet]
  6777 | D:7      | Reached skill level 5 in Evocations
  7175 | D:7      | Mangled by a komodo dragon

Illustrated notes

Levels and vault maps discovered:
D:1:      dpeg_arrival_water_temple_mockup, layout_loops_corners
D:2:      layout_loops_cross, minmay_pentomino_v4
D:3:      layout_rooms, grunt_temple_overflow_holy_war
D:4:      layout_cave_pods, grunt_temple_overflow_open
D:5:      layout_loops_corners, minmay_temple_entry_antechambers, serial_rivers,
          chequers_serial_rivers_micro_c, chequers_serial_rivers_small_b,
          chequers_serial_rivers_large_a, chequers_serial_rivers_micro_c
D:6:      layout_cave_pools, mainiacjoe_overflow_paths,
          ebering_ghost_rock_garden, uniq_menkaure
D:7:      layout_cave_pods, serial_park_tiny_1
Temple:   hellmonk_temple_divided_pantheon

Skill      XL: |  1  2  3  4  5  6  7  8  9 |
---------------+----------------------------+-----
Shapeshifting  | 4 |  4.0
Stealth        | 3 5 |  5.6
Short Blades   | 2 4 |  4.0
Shields        | 2 4 |  4.2
Fighting       | 3 4 |  4.0
Dodging        | 6 |  6.0
Evocations     | 3 6 |  6.3
Unarmed Combat | |  3.0

Action                     |  1- 3 |  4- 6 |  7- 9 || total
---------------------------+-------+-------+-------++-------
  Melee: Unarmed           |    75 |    47 |       ||   122
         Constrict         |    20 |    27 |    33 ||    80
         Tentacles         |    12 |    23 |    37 ||    72
         Punch             |     1 |     4 |     6 ||    11
         Dagger            |       |    45 |   151 ||   196
  Evoke: Wand              |       |       |     2 ||     2
    Use: Potion            |     1 |       |     8 ||     9
         Scroll            |       |       |    13 ||    13
   Stab: Sleeping          |     8 |    11 |     7 ||    26
 Armour: Skin              |    29 |    41 |    93 ||   163
  Dodge: Dodged            |    51 |    32 |    77 ||   160
  Block: Buckler           |       |     3 |    32 ||    35

Table legend: (Time is in decaauts)
 A = Elapsed time spent in this place.
 B = Non-inter-level travel time spent in this place.
 C = Inter-level travel time spent in this place.
 D = Time resting spent in this place.
 E = Time spent auto-exploring this place.
 F = Levels seen in this place.
 G = Mean time per level.
                   A        B        C        D        E       F      G
               +--------+--------+--------+--------+--------+-----+--------+
         Total |   7141 |   6828 |    313 |   1723 |   3887 |   8 |  892.6 |
       Dungeon |   7058 |   6745 |    313 |   1662 |   3887 |   7 | 1008.3 |
        Temple |     82 |     82 |      0 |     61 |      0 |   1 |   82.0 |
               +--------+--------+--------+--------+--------+-----+--------+

Top non-repeatable levels by time:
     D:5: 1819 daAuts
     D:6: 1320 daAuts
     D:4: 1034 daAuts
     D:1: 928 daAuts
     D:3: 670 daAuts
     D:7: 659 daAuts
     D:2: 627 daAuts
  Temple: 82 daAuts
